 Dungeon Crawl Stone Soup version 0.30-a0-3-gc9032a9cac (webtiles) character file.

Game seed: 90367958440402484

3546 BritishOli the Trooper (level 9, -10/73 HPs)
             Began as a Demonspawn Fighter on Aug 20, 2022.
             Was a Priest of Okawaru.
             Mangled by a shadow (13 damage)
             ... on level 9 of the Dungeon.
             The game lasted 00:12:34 (9956 turns).

BritishOli the Trooper (Demonspawn Fighter)         Turns: 9956, Time: 00:12:34

Health: -10/73     AC: 20    Str: 20    XL:     9   Next: 83%
Magic:  9/9        EV: 11    Int: 10    God:    Okawaru [***...]
Gold:   381        SH:  4    Dex: 13    Spells: 8/8 levels left

rFire   + . .      SeeInvis .    z - +3 great sword (freeze)
rCold   . . .      Faith    .    (shield currently unavailable)
rNeg    . . .      Spirit   .    s - +0 steam dragon scales
rPois   .          Reflect  .    (no helmet)
rElec   .          Harm     .    (no cloak)
rCorr   .          Rampage  .    (no gloves)
Will    .....                    g - +1 pair of boots
Stlth   +.........               m - amulet of the acrobat
HPRegen 0.22/turn                k - ring of protection from fire
MPRegen 0.11/turn                (no ring)

@: sanguine armoured, slowed, very slow
A: hooves 2, sanguine armour 3, condensation shield
a: Renounce Religion, Heroism


You were on level 9 of the Dungeon.
You worshipped Okawaru.
Okawaru was most pleased with you.
You visited 2 branches of the dungeon, and saw 10 of its levels.

You collected 381 gold pieces.

Inventory:

Hand Weapons
 a - a +0 long sword
 z - a +3 great sword of freezing (weapon)
Missiles
 v - a throwing net (quivered)
 w - a javelin
Armour
 c - a +0 buckler
 g - a +1 pair of boots (worn)
 s - +0 steam dragon scales (worn)
Jewellery
 k - a ring of protection from fire (left hand)
 m - an amulet of the acrobat (around neck)
 o - a ring of willpower
 A - a ring of ice
 C - a ring of protection from cold
Wands
 u - a wand of paralysis (15)
 y - a wand of digging (5)
Scrolls
 e - 7 scrolls of identify {unknown}
 f - 8 scrolls of teleportation {unknown}
 h - 3 scrolls of silence {unknown}
 i - a scroll of torment {unknown}
 j - a scroll of enchant armour {unknown}
 q - 2 scrolls of enchant weapon {unknown}
 t - 2 scrolls of amnesia {unknown}
 B - a scroll of brand weapon {unknown}
Potions
 b - a potion of resistance {unknown}
 d - 3 potions of might
 l - a potion of degeneration {unknown}
 n - 3 potions of flight {unknown}
 p - a potion of curing
 r - 3 potions of mutation {unknown}
 x - a potion of magic {unknown}
 D - a potion of brilliance {unknown}


   Skills:
 + Level 7.7 Fighting
 * Level 7.4 Long Blades
 + Level 7.0 Armour
 - Level 6.1 Shields


You had 8 spell levels left.
You didn't know any spells.
Your spell library contained the following spells:

 Spells                   Type           Power      Damage    Failure   Level
 Sublimation of Blood     Necr           0%         N/A       50%         2
 Stone Arrow              Conj/Erth      0%         3d7       75%         3
 Vampiric Draining        Necr           0%         2d6       75%         3
 Lehudib's Crystal Spear  Conj/Erth      0%         10d2      100%        8
 Animate Armour           Summ/Erth      Unusable   N/A       N/A         4

Dungeon Overview and Level Annotations

Branches:
Dungeon (9/15)             Temple (1/1) D:6
   Lair: D:8-11         Orc: D:9-12

Altars:
Ashenzari
Cheibriados
Dithmenos
Fedhas
Gozag
Hepliaklqana
Kikubaaqudgha
Makhleb
Nemelex Xobeh
Okawaru
Qazlal
Ru
Sif Muna
Trog
Uskayaw
Vehumet
Wu Jian
Xom
Yredelemnul

Shops:
D:6 (

Annotations:
D:7 2 transporters, Grum


Innate Abilities, Weirdness & Mutations

You have hoof-like feet.
When seriously injured, your blood forms very thick armour. (AC +12)
A meltable shield of frost defends you. (SH +4)


Message History

You slash the wraith! You freeze the wraith.
The wraith is heavily damaged.
The shadow hits you. The wraith hits you but does no damage.
The shadow hits you. The wraith barely misses you.
You hit the wraith but do no damage.
The wraith is heavily damaged.
The shadow hits you. The wraith barely misses you. The shadow hits you!
* * * LOW HITPOINT WARNING * * *
The wraith hits you but does no damage.
You hit the wraith.
The wraith is severely damaged.
The shadow hits you. The wraith hits you but does no damage.
The shadow hits you. The wraith barely misses you.
You hit the wraith but do no damage.
The wraith is severely damaged.
The shadow slips into darkness.
The shadow flickers and vanishes!
Deactivating autopickup; reactivate with Ctrl-A.
The wraith barely misses you.
The shadow strikes at you from the darkness!
* * * LOW HITPOINT WARNING * * *
Reactivating autopickup.
You block the wraith's attack.
You slash the wraith!
The wraith is severely damaged.
The shadow slips into darkness.
The shadow flickers and vanishes!
Deactivating autopickup; reactivate with Ctrl-A.
You block the wraith's attack.
The shadow strikes at you from the darkness!
The wraith hits you!
* * * LOW HITPOINT WARNING * * *
The wraith drains your vigour!
You feel as though you will be slow longer.
You barely miss the wraith.
The wraith is severely damaged.
The shadow strikes at you from the darkness!
The wraith barely misses you.
The shadow strikes at you from the darkness!
You die...

###.. .###.#
#..........
#.#.......
####.#......
.......^...
#.##.##.#.#
#.##†##.#W#
#.##.#..@.###..
#...)...{.......
#<..)...#.####.#
#.##)##.#.#
#..........
..##.##.#..#
..............
###.##.........
#.##..#.#..##


You could see a wraith.

Vanquished Creatures
  4 yaks (D:7)
  2 wyverns
  3 steam dragons
  2 water moccasins
  2 ice beasts (D:7)
  An orc warrior (Temple)
  An ogre (D:4)
  A bullfrog (D:6)
  A kobold brigand (D:8)
  2 necrophages
  2 scorpions
  7 wights
  An electric eel (D:7)
  4 howler monkeys
  3 hounds
  4 orc priests
  2 jellies
  9 orc wizards
  3 iguanas
  10 gnolls
  5 adders
  A shadow imp (D:6)
  2 white imps
  A worm (D:3)
  3 dart slugs
  27 orcs
  3 ball pythons
  3 endoplasms
  3 giant cockroaches
  5 goblins
  4 hobgoblins
  2 quokkas
  3 training dummies (D:6)
  7 bats
  2 frilled lizards
  8 kobolds
  3 rats
146 creatures vanquished.

Vanquished Creatures (others)
  A white imp (D:7)
  6 plants (D:7)
7 creatures vanquished.

Grand Total: 153 creatures vanquished

Notes
Turn   | Place    | Note
-------+----------+-------------------------------------------
     0 | D:1      | BritishOli the Demonspawn Fighter began the quest for the
                  | Orb.
     0 | D:1      | Reached XP level 1. HP: 18/18 MP: 1/1
    67 | D:1      | Gained mutation: You have large cloven feet. [demonic
                  | ancestry]
    67 | D:1      | Reached XP level 2. HP: 20/24 MP: 2/2
   752 | D:1      | Found a faded altar of an unknown god.
  1393 | D:2      | Reached XP level 3. HP: 23/29 MP: 3/3
  1574 | D:2      | Gained mutation: When seriously injured, your blood forms
                  | armour. (AC +12) [demonic ancestry]
  1574 | D:2      | Reached XP level 4. HP: 34/35 MP: 4/4
  1613 | D:3      | Found a basalt altar of Yredelemnul.
  1759 | D:3      | Found a broken altar of Ashenzari.
  1759 | D:3      | Found a shadowy altar of Dithmenos.
  2107 | D:3      | Found a shimmering altar of Xom.
  2553 | D:4      | Gained mutation: When seriously injured, your blood forms
                  | thick armour. (AC +12) [demonic ancestry]
  2553 | D:4      | Reached XP level 5. HP: 24/42 MP: 5/5
  3317 | D:4      | Noticed an ogre
  3333 | D:4      | Killed an ogre
  3334 | D:4      | Gained mutation: You have hoof-like feet. [demonic
                  | ancestry]
  3334 | D:4      | Reached XP level 6. HP: 17/49 MP: 6/6
  3732 | D:5      | Entered Level 5 of the Dungeon
  4030 | D:5      | Noticed a steam dragon
  4037 | D:5      | Killed a steam dragon
  4038 | D:5      | Reached XP level 7. HP: 37/55 MP: 7/7
  4667 | D:6      | Found Estrabbi's Firing Range.
  4682 | D:6      | Reached skill level 5 in Fighting
  5032 | D:6      | Found a staircase to the Ecumenical Temple.
  5090 | Temple   | Entered the Ecumenical Temple
  5184 | Temple   | Became a worshipper of Warmaster Okawaru
  5387 | Temple   | Reached skill level 5 in Armour
  5658 | D:6      | Reached * piety under Okawaru
  5659 | D:6      | Reached skill level 5 in Shields
  5659 | D:6      | Gained mutation: When seriously injured, your blood forms
                  | very thick armour. (AC +12) [demonic ancestry]
  5659 | D:6      | Reached XP level 8. HP: 40/63 MP: 8/8
  6474 | D:7      | Found a transporter.
  6777 | D:7      | Reached skill level 5 in Long Blades
  6894 | D:7      | Reached ** piety under Okawaru
  7145 | D:7      | Gained mutation: A meltable shield of frost defends you.
                  | (SH +4) [demonic ancestry]
  7145 | D:7      | Reached XP level 9. HP: 7/71 MP: 9/9
  7160 | D:7      | HP: 2/71 [electric eel/bolt of electricity (9)]
  7578 | D:7      | Got the Codex of Maleficent Rituals
  7645 | D:7      | Found a transporter.
  7645 | D:7      | Identified the +6 trident of a Million Coins {chaos, Int+4}
  7645 | D:7      | Identified the +1 scale mail of Lugonu's Supremacy {Int+3
                  | SInv}
  7645 | D:7      | Identified the +0 buckler of Youthful Indiscretion {Harm
                  | Drain +Blink}
  7649 | D:7      | Noticed Grum
  7668 | D:7      | Identified the ring of Xekkogij {Drain rN+ MP+9 Int+4
                  | Stlth+}
  8936 | D:8      | Paralysed by a wight for 5 turns
  8950 | D:8      | Reached *** piety under Okawaru
  9684 | D:8      | Found a shimmering blue altar of Sif Muna.
  9684 | D:8      | Found a snail-covered altar of Cheibriados.
  9955 | D:9      | HP: 2/73 [wraith (8)]
  9956 | D:9      | Mangled by a shadow

Illustrated notes

Levels and vault maps discovered:
D:1:      minmay_arrival_semitransparent, layout_loops_corners,
          chequers_ecumenical_altar_lobes
D:2:      layout_rooms
D:3:      minmay_wonky_spiral, layout_basic,
          mainiacjoe_overflow_small_starburst, tgw_xom,
          gammafunk_temple_overflow_pools
D:4:      layout_cave_pools, hangedman_decor_points,
          minmay_misc_feat_nine_boxes, kennysheep_opposing_triangles
D:5:      layout_layer_cave
D:6:      layout_gridville, minmay_temple_entry_glass, nicolae_shop_firing_range
D:7:      statuecave_lemuel, layout_loops_ring, gammafunk_ghost_gnarly_gnolls
D:8:      layout_rooms, gammafunk_temple_overflow_wave
D:9:      layout_basic, serial_shops, nicolae_take_the_stairs, shop_statue,
          shop, nicolae_square_shop, kennysheep_little_box, uniq_harold,
          uniq_grum
Temple:   minmay_temple_bridge_d

Skill      XL: |  1  2  3  4  5  6  7  8  9 |
---------------+----------------------------+-----
Long Blades    | 2 3 4 5 7 |  7.4
Armour         | 3 4 5 6 7 |  7.0
Shields        | 3 4 5 6 |  6.1
Fighting       | 4 5 6 7 |  7.7

Action                   |  1- 3 |  4- 6 |  7- 9 || total
-------------------------+-------+-------+-------++-------
Melee: Long sword        |    82 |   184 |   382 ||   648
       Kick              |     1 |       |       ||     1
       Great sword       |       |       |   135 ||   135
Armor: Scale mail        |    47 |   123 |     6 ||   176
       Steam dragon scal |       |       |   267 ||   267
Dodge: Dodged            |    43 |   103 |   303 ||   449
Block: Buckler           |    21 |    46 |   105 ||   172
       Other             |       |       |    35 ||    35

Table legend: (Time is in decaauts)
 A = Elapsed time spent in this place.
 B = Non-inter-level travel time spent in this place.
 C = Inter-level travel time spent in this place.
 D = Time resting spent in this place.
 E = Time spent auto-exploring this place.
 F = Levels seen in this place.
 G = Mean time per level.
                   A        B        C        D        E       F      G
               +--------+--------+--------+--------+--------+-----+--------+
         Total |  10164 |   9938 |    226 |   2585 |   5656 |  10 | 1016.4 |
       Dungeon |   9742 |   9617 |    125 |   2371 |   5596 |   9 | 1082.4 |
        Temple |    422 |    321 |    101 |    214 |     60 |   1 |  422.0 |
               +--------+--------+--------+--------+--------+-----+--------+

Top non-repeatable levels by time:
     D:7: 2257 daAuts
     D:6: 1394 daAuts
     D:4: 1293 daAuts
     D:8: 1281 daAuts
     D:1: 1019 daAuts
     D:5: 953 daAuts
     D:3: 885 daAuts
     D:2: 596 daAuts
  Temple: 422 daAuts
     D:9: 60 daAuts
